 Dungeon Crawl Stone Soup version 0.17.0-22-g5edae84 (webtiles) character file.

88 JudasIscariot the Sneak (level 4, -3/37 HPs)
             Began as a Naga Enchanter on Nov 12, 2015.
             Was an Initiate of Okawaru.
             Slain by a giant frog (4 damage)
             ... on level 2 of the Dungeon.
             The game lasted 00:09:19 (2893 turns).

JudasIscariot the Sneak (Naga Enchanter)            Turns: 2893, Time: 00:09:19

Health: -3/37      AC:  4    Str: 11    XL:     4   Next: 53%
Magic:  0/8        EV: 10    Int: 16    God:    Okawaru [......]
Gold:   115        SH:  0    Dex: 11    Spells: 2 memorised, 5 levels left

rFire  . . .     SeeInvis +     h - +0 short sword
rCold  . . .     Clarity  .     b - +1 robe
rNeg   . . .     SustAt   .     (no shield)
rPois  +         Gourm    .     (no helmet)
rElec  .         Spirit   .     (no cloak)
rCorr  .         Warding  .     e - +0 pair of gloves
rMut   .         Stasis   .     (no barding)
MR     .....                    (no amulet)
Stlth  +++.......               (no ring)
                                (no ring)

@: very slightly contaminated, very slow, not resistant to hostile enchantments,
fairly stealthy
A: see invisible, deformed body, poison resistance, slowness 2, slow metabolism
1, spit poison 2, AC +1
a: Spit Poison, Renounce Religion


You were on level 2 of the Dungeon.
You worshipped Okawaru.
Okawaru was noncommittal.
You were not hungry.

You visited 1 branch of the dungeon, and saw 2 of its levels.

You collected 115 gold pieces.

Inventory:

Hand Weapons
 a - a +1 dagger
 h - a +0 short sword (weapon)
Armour
 b - a +1 robe (worn)
 e - a +0 pair of gloves (worn)
Scrolls
 g - 6 scrolls of identify {unknown}
 k - a scroll of random uselessness {unknown}
 m - a scroll of fear {unknown}
Potions
 f - a potion of cancellation {unknown}
 i - a potion of flight {unknown}
 j - a potion of brilliance {unknown}
 n - a potion of curing {unknown}
Books
 c - a book of Maledictions

   Spells                             Type                      Level
   a - Corona                         Hexes                        1
   b - Ensorcelled Hibernation        Hexes/Ice                    2
   c - Confuse                        Hexes                        3
   d - Tukima's Dance                 Hexes                        3
   e - Dazzling Spray                 Conjuration/Hexes            3
Comestibles
 d - 3 bread rations
 l - a slice of pizza
 o - a meat ration


   Skills:
 + Level 0.6 Fighting
 * Level 1.6 Short Blades
 * Level 2.2 Dodging
 * Level 5.1 Stealth
 * Level 2.9 Spellcasting
 + Level 3.1 Hexes
 + Level 0.4 Ice Magic


You had 5 spell levels left.
You knew the following spells:

 Your Spells              Type           Power        Failure   Level  Hunger
a - Corona                Hex            ##.....      8%          1    #......
b - Ensorcelled Hibernat  Hex/Ice        #.....       14%         2    ##.....


Dungeon Overview and Level Annotations

Branches:
Dungeon (2/15)

Altars:
Okawaru


Innate Abilities, Weirdness & Mutations

You cannot wear boots.
Your serpentine skin is tough (AC +1).
You have supernaturally acute eyesight.
Armour fits poorly on your strangely shaped body.
Your system is resistant to poisons.
You cover ground very slowly.
You have a slow metabolism.
You can spit poison.


Message History

The giant frog misses you.
Casting: Ensorcelled Hibernation
Confirm with . or Enter, or press ? or * to list all spells.
Aiming: Ensorcelled Hibernation
Press: ? - help, Shift-Dir - straight line, f/p - giant frog
Aim: a giant frog (heavily wounded, chance to defeat MR: 39%)
The giant frog is unaffected.
The giant frog hits you.
You closely miss the giant frog.
The giant frog is heavily wounded.
The giant frog hits you. x2
You closely miss the giant frog.
The giant frog is heavily wounded.
The giant frog hits you!
* * * LOW HITPOINT WARNING * * *
You hit the giant frog.
The giant frog is severely wounded.
The giant frog hits you.
* * * LOW HITPOINT WARNING * * *
The giant frog hits you.
You die...

.<###........## ##...##
..............# ##.....#
......)#.....#######......#
..........................#
.#.#.#............###(....#
...#.#.........### ##...##
###............# #....#
###..#.........#### #....#
..............bF@.## ####.##
####(.#.......###..######..#
#####.#......## ##.....###.#
..............## #####.....#
###>...........# ####..##
##......(.....# ##..#
#........<....# ####
...............##
####............##


You could see a giant frog and a bat.

Vanquished Creatures
  3 adders (D:2)
  A worm (D:2)
  3 giant cockroaches
  6 hobgoblins
  4 jackals (D:1)
  7 kobolds
  2 quokkas (D:2)
  2 ball pythons (D:1)
  4 bats
  2 giant geckos
  2 giant newts (D:1)
  10 goblins
  6 rats
52 creatures vanquished.

Notes
Turn   | Place    | Note
--------------------------------------------------------------
     0 | D:1      | JudasIscariot the Naga Enchanter began the quest for the Orb.
     0 | D:1      | Reached XP level 1. HP: 15/15 MP: 3/3
   153 | D:1      | Reached XP level 2. HP: 7/22 MP: 5/5
   399 | D:1      | Found an iron altar of Okawaru.
   707 | D:1      | Learned a level 2 spell: Ensorcelled Hibernation
   978 | D:1      | Reached skill level 5 in Stealth
   993 | D:1      | Reached XP level 3. HP: 26/30 MP: 6/6
  1592 | D:1      | Became a worshipper of Warmaster Okawaru
  2080 | D:2      | Reached XP level 4. HP: 6/37 MP: 4/8
  2880 | D:2      | Noticed a giant frog
  2893 | D:2      | HP: 1/37 [giant frog (6)]
  2893 | D:2      | Slain by a giant frog

Action                   |  1- 3 |  4- 6 || total
-------------------------+-------+-------++-------
Melee: Dagger            |   110 |       ||   110
       Short sword       |    68 |    41 ||   109
 Cast: Corona            |     6 |       ||     6
       Ensorcelled Hiber |    13 |     7 ||    20
 Stab: Sleeping          |    11 |     7 ||    18
  Eat: Chunk             |     4 |     2 ||     6
